Map: Romanticide LE

Players

MaaajorWood

  • Race: Zerg Zerg
  • League: Master

Subarashii - Winner!

  • Race: Protoss Protoss
  • League: Diamond

VOD

Have the link to the VOD?

Description

Time

  • Played on: April 18, 2021, 10:28 p.m.
  • Length: 16:41
Show
View Real Time Build Order
Export as new Build Order

MaaajorWood Zerg 

Build Orders: Hatch First, Roach Hydra 

Get SALT Encoding   

  12  0:00  Drone  
  13  0:12  Overlord  
  13  0:17  Drone  
  14  0:31  Drone x2  
  16  0:49  Hatchery  
  15  0:51  Drone  
  15  0:53  Drone  
  17  0:57  Drone  
  18  1:07  Extractor  
  17  1:13  Spawning Pool  
  17  1:16  Drone  
  17  1:19  Drone  
  18  1:28  Drone  
  19  1:38  Overlord  
  19  1:50  Drone  
  20  2:00  Queen  
  20  2:01  Zergling x2, Queen  
  22  2:02  Drone  
  26  2:12  Drone x2  
  26  2:13  Metabolic Boost  
  28  2:24  Drone x2  
  30  2:34  Drone  
  30  2:37  Hatchery  
  30  2:38  Drone  
  30  2:43  Drone  
  32  2:47  Drone  
  32  2:49  Queen  
  35  2:56  Drone  
  35  2:57  Overlord  
  34  3:15  Spore Crawler  
  32  3:22  Drone x6  
  32  3:25  Queen  
  40  3:29  Overlord  
  40  3:31  Overlord  
  40  3:45  Drone x2  
  42  3:50  Queen  
  42  3:53  Zergling x2  
  42  3:54  Zergling x10  
  50  4:02  Drone x5  
  55  4:08  Drone  
  56  4:16  Drone x2  
  58  4:18  Lair  
  58  4:19  Drone  
  58  4:21  Drone x2  
  58  4:24  Drone x2  
  63  4:25  Overlord  
  63  4:37  Drone x3  
  66  4:38  Roach Warren  
  66  4:41  Extractor, Overlord x2  
  66  4:43  Extractor  
  63  4:48  Drone x5  
  67  5:14  Drone x3  
  67  5:18  Glial Reconstitution  
  67  5:19  Roach  
  67  5:20  Roach x7  
  85  5:24  Extractor  
  85  5:25  Extractor  
  83  5:34  Overlord x3  
  83  5:35  Overlord  
  83  5:39  Evolution Chamber  
  83  5:40  Evolution Chamber  
  83  5:42  Drone x3  
  84  5:43  Drone x3  
  84  5:44  Overseer  
  84  5:48  Roach  
  84  5:49  Overlord x2  
  82  6:07  Drone  
  77  6:13  Roach  
  77  6:14  Roach x7  
  84  6:40  Overseer  
  84  6:43  Overseer  
  84  6:47  Drone x2  
  86  6:56  Hatchery  
  86  6:59  Spire  
  84  7:06  Extractor  
  83  7:10  Drone  
  83  7:11  Drone x2  
  86  7:18  Zerg Missile Weapons Level 1, Zerg Ground Armor Level 1  
  86  7:20  Drone  
  86  7:21  Drone x2  
  86  7:22  Drone x6  
  95  8:00  Drone x3  
  95  8:01  Drone  
  95  8:02  Hydralisk Den, Drone x2  
  95  8:03  Drone x3  
  103  8:19  Hatchery  
  102  8:33  Grooved Spines  
  104  8:34  Roach  
  104  8:35  Roach x9  
  104  8:41  Extractor  
  121  8:46  Extractor  
  120  9:04  Overlord x3  
  103  9:38  Hydralisk  
  103  9:39  Hydralisk x12  
  103  9:45  Muscular Augments  
  95  9:58  Roach  
  95  9:59  Roach x7  
  111  10:05  Hatchery  
  111  10:06  Roach  
  112  10:07  Overseer  
  112  10:22  Roach x5  
  112  10:23  Zerg Missile Weapons Level 2  
  112  10:24  Overlord x2, Zerg Ground Armor Level 2  
  122  10:38  Hatchery  
  121  10:54  Roach x4  
  121  10:55  Roach x4  
  121  10:56  Overlord x5  
  137  11:20  Drone x2  
  137  11:21  Drone x2  
  137  11:22  Drone x3  
  137  11:23  Drone x7  
  151  11:32  Infestation Pit  
  150  11:35  Overlord x4  
  150  11:38  Roach x2  
  150  11:39  Roach x4  
  162  11:59  Roach  
  162  12:00  Roach x6  
  162  12:01  Roach x5  
  186  12:05  Roach  
  186  12:06  Roach x3  
  194  12:11  Hive  
  194  12:29  Roach  
  200  12:30  Roach x2  
  200  12:48  Zerg Melee Weapons Level 1  
  200  13:09  Pneumatized Carapace  
  200  13:21  Spore Crawler  
  200  13:23  Zerg Missile Weapons Level 3  
  199  13:29  Ultralisk Cavern  
  199  13:33  Adrenal Glands  
  198  13:52  Hatchery  
  197  14:07  Zerg Flyer Weapons Level 1  
  152  15:08  Corruptor x7  
  152  15:09  Corruptor x19  
  152  15:12  Overlord x3  
  200  15:17  Overlord  
  160  15:29  Unknown  
  160  15:35  Corruptor x2  
  137  15:36  Corruptor x11  
  137  15:39  Overseer x2  
  148  15:51  Corruptor x3  
Show
View Real Time Build Order
Export as new Build Order

Subarashii Protoss - Winner!

Build Orders: 1 Gate Expand, Carriers 

Get SALT Encoding   

  12  0:01  Probe  
  13  0:13  Probe  
  14  0:25  Pylon  
  14  0:27  Probe  
  15  0:32  Assimilator  
  15  0:44  Gateway  
  15  0:46  Probe (Chrono Boost)  
  16  0:55  Probe (Chrono Boost)  
  17  1:00  Probe (Chrono Boost)  
  18  1:12  Probe (Chrono Boost)  
  19  1:22  Probe (Chrono Boost)  
  20  1:27  Probe (Chrono Boost)  
  20  1:31  Nexus  
  21  1:40  Cybernetics Core  
  21  1:43  Probe  
  22  1:49  Assimilator  
  22  1:55  Pylon  
  22  1:58  Probe  
  23  2:13  Adept (Chrono Boost), Probe  
  26  2:23  Twilight Council  
  26  2:25  Probe  
  26  2:28  Warp Gate  
  27  2:36  Stalker  
  29  2:39  Probe (Chrono Boost)  
  29  2:44  Probe (Chrono Boost)  
  32  2:54  Gateway, Probe x2 (Chrono Boost)  
  33  3:01  Probe  
  33  3:20  Probe (Chrono Boost)  
  33  3:21  Adept  
  33  3:25  Assimilator, Probe (Chrono Boost)  
  33  3:26  Resonating Glaives  
  36  3:32  Probe (Chrono Boost)  
  38  3:34  Pylon  
  38  3:37  Probe (Chrono Boost)  
  38  3:38  Probe (Chrono Boost)  
  38  3:41  Gateway  
  39  3:44  Adept  
  39  3:46  Probe (Chrono Boost)  
  43  3:49  Probe (Chrono Boost)  
  43  3:50  Shield Battery  
  43  3:58  Probe (Chrono Boost)  
  43  4:00  Dark Shrine  
  43  4:02  Probe (Chrono Boost)  
  45  4:03  Probe (Chrono Boost)  
  45  4:09  Gateway  
  46  4:10  Probe  
  46  4:12  Probe  
  48  4:18  Pylon  
  48  4:22  Probe  
  49  4:24  Probe  
  49  4:25  Adept  
  49  4:30  Assimilator  
  52  4:35  Pylon, Adept  
  52  4:36  Protoss Air Weapons Level 1  
  54  4:59  Adept x3  
  59  5:04  Stargate  
  59  5:08  Stargate, Probe  
  59  5:09  Probe  
  61  5:19  Nexus  
  61  5:20  Pylon  
  61  5:23  Pylon  
  61  5:26  Adept x2  
  65  5:28  Adept  
  65  5:31  Probe  
  65  5:32  Probe  
  69  5:44  Forge, Probe x2  
  69  5:46  Shield Battery  
  65  6:07  Dark Templar x4  
  73  6:15  Void Ray x2 (Chrono Boost)  
  73  6:18  Probe x2  
  83  6:30  Probe x2  
  77  6:40  Probe  
  77  6:42  Probe x2  
  76  6:49  Void Ray x2 (Chrono Boost)  
  76  6:53  Probe  
  77  6:54  Probe x2  
  77  6:58  Assimilator  
  77  6:59  Photon Cannon  
  87  7:03  Assimilator  
  87  7:04  Pylon  
  87  7:05  Probe  
  87  7:07  Photon Cannon  
  88  7:11  Templar Archives  
  88  7:12  Gateway, Probe x2  
  88  7:14  Pylon  
  90  7:21  Probe  
  91  7:22  Adept x2  
  91  7:23  Adept  
  91  7:24  Probe  
  98  7:36  Psionic Storm  
  98  7:39  Probe  
  99  7:45  Probe x2  
  99  7:49  High Templar x2  
  103  7:51  Probe  
  103  7:52  Nexus  
  103  7:54  Pylon  
  103  7:56  Stalker x2  
  103  7:57  Probe x2  
  106  8:03  Probe  
  106  8:05  Photon Cannon  
  107  8:06  Photon Cannon  
  107  8:09  Probe x2  
  107  8:10  Pylon  
  109  8:18  Fleet Beacon  
  109  8:22  Probe  
  109  8:24  Photon Cannon  
  109  8:26  Photon Cannon, High Templar  
  112  8:29  Probe x2  
  112  8:34  Probe  
  115  8:47  Probe  
  116  8:55  Probe  
  117  9:06  Stalker, Probe x2  
  117  9:07  Stalker x3, Probe  
  128  9:18  Probe x2  
  128  9:19  Probe  
  131  9:24  Stalker  
  131  9:30  Dark Templar x3, Probe  
  140  9:34  Stalker  
  115  9:46  Probe x2  
  115  9:47  Probe  
  115  9:49  Assimilator  
  115  9:52  Assimilator  
  116  9:53  Carrier x2 (Chrono Boost)  
  116  9:54  Pylon  
  116  9:58  Stargate, Probe  
  116  9:59  Stargate, Probe x2  
  131  10:02  Pylon  
  131  10:10  Photon Cannon, Probe  
  131  10:11  Probe x2  
  131  10:13  Photon Cannon x2  
  134  10:14  Photon Cannon  
  134  10:15  Shield Battery  
  134  10:16  Photon Cannon  
  134  10:18  Pylon  
  134  10:20  Stargate  
  134  10:23  Probe x2  
  134  10:24  Stargate  
  134  10:25  Nexus  
  136  10:29  Pylon  
  136  10:31  Pylon  
  136  10:35  Protoss Air Weapons Level 2 (Chrono Boost), Pylon  
  136  10:37  Photon Cannon x2  
  136  10:40  Photon Cannon  
  136  10:43  Photon Cannon  
  136  10:44  Carrier (Chrono Boost)  
  136  10:45  Unknown, Shield Battery  
  142  11:03  Carrier x3 (Chrono Boost)  
  160  11:15  High Templar  
  162  11:23  Robotics Facility  
  162  11:26  Pylon  
  162  11:28  Pylon  
  162  11:29  Mothership (Chrono Boost)  
  170  11:43  Cybernetics Core  
  170  11:44  Protoss Shields Level 1  
  170  11:46  Pylon  
  170  11:48  Pylon  
  170  11:50  Photon Cannon, Carrier  
  170  11:52  Photon Cannon  
  176  11:54  Photon Cannon  
  176  11:55  Archon  
  176  11:56  Archon x2, Photon Cannon  
  176  11:58  Photon Cannon  
  176  12:00  Photon Cannon, High Templar x2  
  180  12:03  Carrier  
  186  12:15  Observer (Chrono Boost)  
  187  12:32  Carrier  
  187  12:33  Carrier  
  199  12:55  Void Ray  
  197  13:10  Protoss Air Armor Level 1 (Chrono Boost)  
  197  13:12  Void Ray (Chrono Boost)  
  197  13:14  Protoss Air Weapons Level 3 (Chrono Boost)  
  200  13:26  Gateway  
  200  13:27  Gateway  
  200  13:28  Void Ray (Chrono Boost), Gateway  
  200  13:31  Gateway  
  197  13:35  Gateway  
  197  13:37  Gateway  
  197  13:39  Gateway  
  197  13:41  Gateway  
  200  13:44  Gateway, Forge  
  200  13:47  Pylon  
  200  13:48  Pylon  
  200  13:52  Gateway  
  200  13:54  Gateway  
  200  13:58  Gateway  
  200  14:02  Nexus  
  200  14:04  Pylon  
  200  14:06  Pylon  
  198  14:25  High Templar  
  185  14:53  Probe  
  185  14:57  Void Ray x3 (Chrono Boost)  
  186  15:06  Void Ray (Chrono Boost)  
  195  15:07  Nexus  
  195  15:11  Pylon  
  195  15:12  Probe x3  
  179  15:14  Unknown  
  179  15:17  Pylon  
  164  15:39  Probe  
  164  15:40  Probe x3  
  168  15:52  Probe x4  
  172  16:04  Probe x3  
  170  16:05  Probe  
  160  16:16  Probe x3  
  160  16:17  Probe  
  144  16:28  Probe  
Tags
 
Add a new tag
Caveats
  • Supply blocks, unpowered buildings, or Contaminate may cause inaccurate times.
  • Supply counts are checked every 10 seconds.